 Dungeon Crawl Stone Soup version 0.18.1-48-g4cf74bf (webtiles) character file.

512 Gargoyl the Covered (level 6, 0/49 HPs)
             Began as a Demonspawn Abyssal Knight on Aug 22, 2016.
             Was an Elder of Lugonu.
             Slain by a hound (3 damage)
             ... on level 4 of the Dungeon.
             The game lasted 00:10:50 (4397 turns).

Gargoyl the Covered (Demonspawn Abyssal Knight)     Turns: 4397, Time: 00:10:51

Health: 0/49       AC: 15    Str: 14    XL:     6   Next: 99%
Magic:  3/7        EV:  5    Int: 14    God:    Lugonu [****..]
Gold:   120        SH:  0    Dex: 12    Spells: 0 memorised, 5 levels left

rFire  . . .     SeeInvis .     h - +0 war axe
rCold  . . .     Gourm    .     b - +0 plate armour
rNeg   . . .     Faith    +     (no shield)
rPois  .         Spirit   .     l - +0 helmet
rElec  .         Dismiss  .     (no cloak)
rCorr  .         Reflect  .     m - +1 pair of gloves
SustAt .         Harm     .     (no boots)
MR     .....                    d - amulet of faith
Stlth  ..........               (no ring)
                                (no ring)

@: lethally poisoned (0 -> -1), not resistant to hostile enchantments, extremely
unstealthy
A: claws 1, nightstalker 1
a: Depart the Abyss, Bend Space, Banish, Corrupt, Renounce Religion


You were on level 4 of the Dungeon.
You worshipped Lugonu.
Lugonu was greatly pleased with you.
You were not hungry.

You visited 1 branch of the dungeon, and saw 5 of its levels.
You visited the Abyss 1 time.

You collected 120 gold pieces.

Inventory:

Hand Weapons
 e - a +0 blowgun
 h - a +0 war axe (weapon)
Missiles
 f - 6 curare-tipped needles
 o - 7 javelins (quivered)
Armour
 b - a +0 plate armour (worn)
 l - a +0 helmet (worn)
 m - a +1 pair of gloves (worn)
Jewellery
 d - an amulet of faith (around neck)
Wands
 p - a wand of iceblast (15/15)
Scrolls
 a - a scroll of identify
 i - 2 scrolls of remove curse
 q - a scroll of magic mapping
Books
 s - a book of Geomancy

   Spells                             Type                      Level
   a - Sandblast                      Earth                        1
   b - Passwall                       Transmutation/Earth          2
   c - Stone Arrow                    Conjuration/Earth            3
   d - Petrify                        Transmutation/Earth          4
   e - Lee's Rapid Deconstruction     Earth                        5
Comestibles
 c - 2 bread rations
 j - 2 beef jerkies
 k - a meat ration
 n - 3 fruits


   Skills:
 + Level 4.4 Fighting
 + Level 3.3 Axes
 * Level 4.5 Armour
 + Level 2.8 Dodging
 + Level 0.4 Stealth
 + Level 2.6 Invocations


You had 5 spell levels left.
You didn't know any spells.

Dungeon Overview and Level Annotations

Branches:
Dungeon (5/15)
 Temple: D:4-7

Altars:
Elyvilon
Gozag
Qazlal
Trog


Innate Abilities, Weirdness & Mutations

You have sharp fingernails.
You are slightly more attuned to the shadows.


Message History

The worker ant bites you but does no damage.
The gnoll hits you but does no damage. The hound bites you but does no damage.
Press: ? - help, Shift-Dir - straight line, f/p - worker ant
Aim: a worker ant (chance to defeat MR: 86%)
You fail to use your ability.
You feel sick.
The worker ant bites you but does no damage.
The gnoll hits you.
* * * LOW HITPOINT WARNING * * *
The hound pauses to sniff the ground.
The hound bites you but does no damage.
The worker ant waves its antennae.
The worker ant bites you.
* * * LOW HITPOINT WARNING * * *
You aren't carrying any potions.
Press: ? - help, Shift-Dir - straight line, f/p - worker ant
Aim: a worker ant (chance to defeat MR: 86%)
The worker ant is devoured by a tear in reality.
Lugonu claims a new guest.
You feel somewhat more hungry. The hound bites you.
You die...

..........
#......#.#.
#...g......
#......#.#.
...§.............##
##h§§.#
#.#.#.#.#.##
###..@g#
#...........
##....###
#...........
###...###
#...........
###.....#
#...........
#######........#
#...........
....#...........#
####..######
........#.......#
##......###
#######..........#
##..........
###....#...#
##...###.....


You could see a hound and a gnoll.

Vanquished Creatures
  Grinder (D:3)
  An orc wizard (D:5)
  An iguana (D:4)
  3 worker ants
  Robin (D:3)
  6 adders
  3 worms
  2 dart slugs
  3 giant geckos (D:4)
  10 orcs
  3 giant cockroaches
  14 goblins
  15 hobgoblins
  11 jackals
  2 quokkas (D:3)
  A ball python (D:2)
  9 bats
  4 giant newts
  9 kobolds
  6 rats
105 creatures vanquished.

Vanquished Creatures (others)
  A worker ant (D:4)
1 creature vanquished.

Grand Total: 106 creatures vanquished

Notes
Turn   | Place    | Note
--------------------------------------------------------------
     0 | Abyss:1  | Gargoyl the Demonspawn Abyssal Knight began the quest for the Orb.
     0 | Abyss:1  | Reached XP level 1. HP: 18/18 MP: 2/2
    30 | Abyss:1  | Found a corrupted altar of Lugonu.
    83 | Abyss:1  | Noticed a ynoxinul
   127 | Abyss:1  | Noticed a worldbinder
   128 | Abyss:1  | Noticed an orb spider
   132 | Abyss:1  | Noticed a small abomination
   135 | Abyss:1  | Noticed a small abomination
   138 | Abyss:1  | Noticed a raiju
   138 | D:1      | Escaped the Abyss
   401 | D:1      | Reached * piety under Lugonu
   444 | D:1      | Gained mutation: You are slightly more attuned to the shadows. [demonic ancestry]
   444 | D:1      | Reached XP level 2. HP: 24/24 MP: 3/3
   456 | D:1      | HP: 1/24 [jackal (2)]
  1160 | D:1      | Noticed a phantom
  1180 | D:2      | Reached skill level 1 in Dodging
  1190 | D:2      | Reached XP level 3. HP: 24/29 MP: 4/4
  1270 | D:2      | Reached ** piety under Lugonu
  1882 | D:2      | Reached XP level 4. HP: 34/37 MP: 5/5
  2177 | D:3      | Found a bloodstained altar of Trog.
  2177 | D:3      | Noticed Grinder
  2185 | D:3      | Paralysed by Grinder for 3 turns
  2192 | D:3      | Paralysed by Grinder for 3 turns
  2220 | D:3      | Paralysed by Grinder for 5 turns
  2247 | D:3      | Killed Grinder
  2247 | D:3      | Reached XP level 5. HP: 16/42 MP: 6/6
  2475 | D:3      | Reached *** piety under Lugonu
  2713 | D:3      | Gained mutation: You have sharp fingernails. [demonic ancestry]
  2713 | D:3      | Reached XP level 6. HP: 47/48 MP: 7/7
  2770 | D:3      | Noticed Robin
  2785 | D:3      | Killed Robin
  3166 | D:3      | Reached **** piety under Lugonu
  3239 | D:3      | Found an opulent altar of Gozag.
  3457 | D:4      | Found a stormy altar of Qazlal.
  3915 | D:5      | Entered Level 5 of the Dungeon
  4230 | D:4      | Found a white marble altar of Elyvilon.
  4397 | D:4      | Slain by a hound

Skill      XL: |  1  2  3  4  5  6 |
---------------+-------------------+-----
Axes           | 2 3 |  3.3
Armour         | 2 3 4 |  4.5
Dodging        | 1 2 |  2.8
Fighting       | 4 |  4.4
Stealth        | |  0.4
Invocations    | |  2.6

Action                   |  1- 3 |  4- 6 || total
-------------------------+-------+-------++-------
Melee: Hand axe          |   170 |   200 ||   370
       War axe           |       |    11 ||    11
Invok: Depart the Abyss  |     1 |       ||     1
       Bend Space        |       |     1 ||     1
       Banish            |       |     1 ||     1
  Use: Scroll            |     5 |     8 ||    13
       Potion            |     1 |     7 ||     8
 Stab: Sleeping          |     1 |       ||     1
  Eat: Chunk             |     3 |     5 ||     8
       Bread ration      |       |     1 ||     1
Armor: Leather armour    |    47 |       ||    47
       Plate armour      |    57 |   227 ||   284
       Ring mail         |     9 |       ||     9
       Skin              |       |    15 ||    15
Dodge: Dodged            |   102 |    44 ||   146
